 Dungeon Crawl Stone Soup version 0.30-a0-840-ga523dec638 (webtiles) character file.

Game seed: 18230650179994613479

1694162 freelancePsychic the Peltast (level 26, 239/239 HPs)
             Began as a Ghoul Wanderer on Mar 1, 2023.
             Was a High Priest of Okawaru.
             Escaped with the Orb
             ... and 3 runes!
             The game lasted 02:34:57 (63753 turns).

freelancePsychic the Peltast (Ghoul Wanderer)      Turns: 63753, Time: 02:34:58

Health: 239/239    AC: 43    Str: 22    XL:     26   Next: 34%
Magic:  30/30      EV: 23    Int: 11    God:    Okawaru [*****.]
Gold:   3017       SH: 29    Dex: 16    Spells: 28/28 levels left

rFire   + + .      SeeInvis .    M - +3 Elemental Staff {rElec rF++ rC++ AC+5}
rCold   + + +      Faith    .    s - +7 tower shield {AC+3}
rNeg    + + +      Spirit   .    Q - +0 shadow dragon scales
rPois   ∞          Reflect  .    R - +1 helmet of Weightlessness {Will+ Int+2 Dex+4 Stlth+}
rElec   +          Harm     .    a - +4 dragonskin cloak
rCorr   .          Rampage  .    K - +2 pair of gloves {hurl}
Will    +++++      Clarity  +    p - +3 pair of mountain boots {steadfast, rC+}
Stlth   ++                       A - amulet of the Four Winds {rN+ Will+++ Clar}
HPRegen 0.59/turn                W - +5 ring of evasion
MPRegen 0.22/turn                d - +5 ring of evasion

@: studying Conjurations
A: claws 1, cold resistance 1, negative energy resistance 3, inhibited
regeneration, torment resistance 2, devour on kill
0: Orb of Zot
}: 3/15 runes: decaying, serpentine, slimy
a: Renounce Religion, Heroism, Finesse, Duel


You escaped.
You worshipped Okawaru.
Okawaru was extremely pleased with you.
You visited 10 branches of the dungeon, and saw 51 of its levels.
You also visited: Gauntlet.

You collected 6449 gold pieces.
You spent 3432 gold pieces at shops.

Inventory:

Hand Weapons
 M - the +3 Elemental Staff (weapon) {rElec rF++ rC++ AC+5}
   (You bought it in a shop on level 2 of the Orcish Mines)

   It enhances your fire, ice, earth and air magic.
   AC:        It affects your AC (+5).
   rF:        It greatly protects you from fire.
   rC:        It greatly protects you from cold.
   rElec:     It insulates you from electricity.
Missiles
 g - 2 throwing nets
 o - 15 javelins (quivered)
 C - a boomerang
 X - 22 silver javelins
Armour
 a - the +4 dragonskin cloak (worn)
   (You took it off Tiamat on level 3 of the Realm of Zot)

   Avatar's Aegis: It grants the wearer a chance to resist fire, cold, poison,
   electricity, acid, and negative energy.
 e - the +4 chain mail "Nek Satt" {rN+ Str+5}
   (You found it on level 3 of the Elven Halls)

   Str:       It affects your strength (+5).
   rN:        It protects you from negative energy.
 p - the +3 pair of mountain boots (worn) {steadfast, rC+}
   (Okawaru gifted it to you on level 2 of the Snake Pit)

   Steadfast: It prevents involuntary movement, except for blinking,
   teleportation, or banishment.
   rC:        It protects you from cold.
 s - a +7 tower shield of protection (worn)
 K - a +2 pair of gloves of hurling (worn)
 Q - +0 shadow dragon scales (worn)
 R - the +1 helmet of Weightlessness (worn) {Will+ Int+2 Dex+4 Stlth+}
   (You found it in a Gauntlet)

   Int:       It affects your intelligence (+2).
   Dex:       It affects your dexterity (+4).
   Will:      It increases your willpower.
   Stlth:     It makes you more stealthy.
Jewellery
 d - a +5 ring of evasion (right hand)
 A - the amulet of the Four Winds (around neck) {rN+ Will+++ Clar}
   (You found it on level 1 of the Elven Halls)

   [amulet of nothing]

   rN:        It protects you from negative energy.
   Clar:      It protects you against confusion.
   Will:      It greatly increases your willpower.
 B - a +4 ring of slaying
 V - the amulet of Vuup {Reflect Dex+7 SH+5}
   (You found it on level 3 of the Vaults)

   [amulet of reflection]

   It reflects blocked missile attacks.
   Dex:       It affects your dexterity (+7).
   SH:        It affects your SH (+5).
 W - a +5 ring of evasion (left hand)
Wands
 j - a wand of acid (26)
 G - a wand of digging (18)
 H - a wand of mindburst (26)
 O - a wand of iceblast (22)
 S - a wand of flame (45)
Scrolls
 c - 7 scrolls of fog
 m - 3 scrolls of fear
 q - 4 scrolls of poison
 t - 18 scrolls of teleportation {@r4}
 w - 6 scrolls of amnesia
 D - 9 scrolls of enchant weapon
 E - 4 scrolls of blinking
 I - 3 scrolls of silence
 J - 6 scrolls of torment
 P - 6 scrolls of immolation
Potions
 f - 4 potions of resistance
 h - 4 potions of haste {@q3}
 i - 10 potions of mutation
 k - 2 potions of attraction
 l - 8 potions of brilliance
 r - 8 potions of berserk rage
 u - 4 potions of flight
 v - 3 potions of might
 x - 5 potions of heal wounds {@q2}
 F - 5 potions of magic
 T - 5 potions of ambrosia
 U - 21 potions of curing {@q1}
 Y - 2 potions of cancellation
Miscellaneous
 b - a phial of floods
 n - a lightning rod (4/4)
 L - a tin of tremorstones (2/2)
 Z - a condenser vane


   Skills:
 - Level 20.0 Fighting
 - Level 5.0 Short Blades
 - Level 4.7(4.9) Axes
 - Level 1.4(8.3) Maces & Flails
 - Level 11.9(12.0) Staves
 * Level 19.6 Throwing
 - Level 14.9 Armour
 + Level 11.9 Dodging
 - Level 6.0 Stealth
 + Level 20.5 Shields
 - Level 1.7 Spellcasting
 - Level 1.0 Air Magic
 - Level 11.0 Invocations
 - Level 15.0 Evocations


You had 28 spell levels left.
You didn't know any spells.
Your spell library contained the following spells:

 Spells                   Type           Power      Damage    Failure   Level
 Apportation              Tloc           0%         N/A       96%         1
 Foxfire                  Conj/Fire      4%         2x1d4     96%         1
 Freeze                   Ice            4%         1d3       96%         1
 Kiss of Death            Conj/Necr      0%         2d5       96%         1
 Necrotise                Necr           0%         1d4       96%         1
 Sandblast                Erth           2%         2d4       96%         1
 Cigotuvi's Dreadful Rot  Necr/Pois/Air  4%         N/A       98%         2
 Poisonous Vapours        Pois/Air       6%         N/A       98%         2
 Static Discharge         Conj/Air       6%         2-3/arc   98%         2
 Blink                    Tloc           0%         N/A       99%         2
 Ensorcelled Hibernation  Hex/Ice        2%         N/A       99%         2
 Passwall                 Tmut/Erth      0%         N/A       99%         2
 Scorch                   Fire           2%         2d5       99%         2
 Confusing Touch          Hex            0%         N/A       100%        3
 Dazzling Flash           Conj/Hex       0%         N/A       100%        3
 Frozen Ramparts          Ice            2%         1d1       100%        3
 Hailstorm                Conj/Ice       1%         3d3       100%        3
 Ignite Poison            Fire/Tmut/Pois 1%         N/A       100%        3
 Kindle Blastsparks       Fire/Tloc/Air  6%         2d10      100%        3
 Mephitic Cloud           Conj/Pois/Air  2%         N/A       100%        3
 Ozocubu's Armour         Ice            1%         N/A       100%        3
 Stone Arrow              Conj/Erth      2%         3d7       100%        3
 Vampiric Draining        Necr           0%         2d6       100%        3
 Anguish                  Hex/Necr       0%         N/A       100%        4
 Cause Fear               Hex            0%         N/A       100%        4
 Dispel Undead            Necr           0%         3d6       100%        4
 Flame Wave               Conj/Fire      1%         2d4       100%        4
 Manifold Assault         Tloc           0%         N/A       100%        4
 Olgreb's Toxic Radiance  Pois           0%         N/A       100%        4
 Petrify                  Tmut/Erth      1%         N/A       100%        4
 Agony                    Necr           0%         N/A       100%        5
 Alistair's Intoxication  Tmut/Pois      0%         N/A       100%        5
 Borgnjor's Vile Clutch   Necr/Erth      0%         N/A       100%        5
 Fireball                 Conj/Fire      0%         3d3       100%        5
 Freezing Cloud           Conj/Ice/Air   1%         6-21      100%        5
 Irradiate                Conj/Tmut      0%         3d11      100%        5
 Metabolic Englaciation   Hex/Ice        0%         N/A       100%        5
 Silence                  Hex/Air        1%         N/A       100%        5
 Yara's Violent Unravell  Hex/Tmut       0%         3d3       100%        5
 Conjure Ball Lightning   Conj/Air       1%         3x3d6     100%        6
 Dispersal                Tloc           0%         N/A       100%        6
 Eringya's Noxious Bog    Tmut/Pois      0%         N/A       100%        6
 Enfeeble                 Hex            0%         N/A       100%        7
 Orb of Destruction       Conj           0%         9d5       100%        7
 Discord                  Hex            0%         N/A       100%        8
 Disjunction              Tloc           0%         N/A       100%        8
 Lehudib's Crystal Spear  Conj/Erth      0%         10d2      100%        8
 Chain Lightning          Conj/Air       1%         3d2       100%        9
 Fire Storm               Conj/Fire      0%         6d1       100%        9
 Polar Vortex             Ice            0%         N/A       100%        9
 Shatter                  Erth           0%         3d5*      100%        9
 Summon Small Mammal      Summ           Unusable   N/A       N/A         1
 Sublimation of Blood     Necr           Unusable   N/A       N/A         2
 Spider Form              Tmut/Pois      Unusable   N/A       N/A         3
 Summon Guardian Golem    Hex/Summ       Unusable   N/A       N/A         3
 Animate Armour           Summ/Erth      Unusable   N/A       N/A         4
 Ice Form                 Ice/Tmut       Unusable   N/A       N/A         4
 Statue Form              Tmut/Erth      Unusable   N/A       N/A         6
 Summon Cactus Giant      Summ           Unusable   N/A       N/A         6
 Dragon Form              Tmut           Unusable   N/A       N/A         7
 Malign Gateway           Summ/Tloc      Unusable   N/A       N/A         7
 Spellforged Servitor     Conj/Summ      Unusable   N/A       N/A         7
 Storm Form               Tmut/Air       Unusable   N/A       N/A         7
 Summon Horrible Things   Summ           Unusable   N/A       N/A         8
 Dragon's Call            Summ           Unusable   N/A       N/A         9

Dungeon Overview and Level Annotations

Branches:
Dungeon (15/15)            Temple (0/1) D:5            Lair (5/5) D:8
  Swamp (4/4) Lair:2        Snake (4/4) Lair:3        Slime (5/5) Lair:4
    Orc (2/2) D:9             Elf (3/3) Orc:2        Vaults (4/5) D:13
  Crypt (0/3) Vaults:3     Depths (4/4) D:15            Zot (5/5) Depths:4
Gauntlet (visited)

Altars:
Dithmenos
Fedhas
Gozag
Kikubaaqudgha
Okawaru
Ru
Vehumet
Wu Jian
Yredelemnul
Lugonu

Shops:
D:14 [   Orc:2 [*(:   Elf:3 =:!*[   Snake:3 (

Portals:
Hell: Depths:1 Depths:3 Depths:4
Abyss: Lair:5 Depths:4
Ziggurat: Depths:4
Trove: Elf:3 (give 4 scrolls of fear)

Annotations:
D:3 Grinder
D:4 1 runed translucent door
D:7 2 transporters, relicbr's ghost, novice SpDe
D:11 exclusion: orange crystal statue
D:13 1 runed translucent door, dialectric's ghost, novice SpBr
D:14 Louise
Swamp:4 Kirke; Mara
Snake:3 Roxanne
Elf:2 3 runed translucent doors
Depths:4 1 runed translucent door
Zot:2 exclusion: 2 draconian stormcallers


Innate Abilities, Weirdness & Mutations

You are immune to poison.
You have sharp fingernails.
Your flesh is cold resistant. (rC+)
You are immune to negative energy. (rN+++)
You do not regenerate when monsters are visible.
You are immune to unholy pain and torment.
You thrive by killing the living.


Message History

There is an open door here.
There is a stone staircase leading up here.
You climb upwards.
There is a stone staircase leading down here.
You enter the shallow water.
Moving in this stuff is going to be slow.
There is a stone staircase leading up here.
You climb upwards.
There is a stone staircase leading down here.
There is a stone staircase leading up here.
You climb upwards.
Level annotation: 2 transporters, relicbr's ghost, novice SpDe
There is a stone staircase leading down here.
Items here: ))) [[.
There is a stone staircase leading up here.
You climb upwards.
There is a stone staircase leading down here.
There is a stone staircase leading up here.
You climb upwards.
There is a stone staircase leading down here.
You see here a +0 ring mail.
There is a stone staircase leading up here.
You climb upwards.
Level annotation: 1 runed translucent door
There is a stone staircase leading down here.
You open the door.
There is an open door here.
There is a stone staircase leading up here.
You climb upwards.
Level annotation: Grinder
There is a stone staircase leading down here.
Found 10 gold pieces.
There is a stone staircase leading up here.
You climb upwards.
There is a stone staircase leading down here.
There is a stone staircase leading up here.
You climb upwards.
There is a stone staircase leading down here.
There is a staircase leading out of the dungeon here.
You have escaped!

# ##....#
#
####.###
#...##
###..####
##.§..#
#.§§.#
#....#
#....#
#.@>.#
######


There were no monsters in sight!

Vanquished Creatures
  the Royal Jelly (Slime:5)
  Dissolution (Slime:2)
  2 dread liches (Zot:5)
  Tiamat (Zot:3)
  An ancient lich (Zot:5)
  10 orbs of fire
  2 juggernauts
  Boris (twice) (Vaults:4 Depths:1)
  Parghit (Zot:2)
  Frederick (Vaults:4)
  3 Killer Klowns (Zot:5)
  Saint Roka (Orc:2)
  A curse toe (Zot:5)
  5 golden dragons
  A profane servitor (Zot:5)
  3 electric golems
  Jory (Vaults:4)
  Jorgrun (Swamp:1)
  A lich (Depths:3)
  27 Orb Guardians
  16 tentacled monstrosities
  A deep elf blademaster (Elf:3)
  A deep elf master archer (Elf:3)
  2 quicksilver dragons (Zot:1)
  A walking divine tome (Depths:4)
  20 acid blobs
  A sphinx (Vaults:4)
  5 death cobs
  2 ancient champions
  Agnes (Snake:2)
  4 thorn hunters (Swamp:4)
  7 shadow dragons
  3 tengu reavers
  A revenant (Vaults:3)
  Donald (Snake:3)
  9 rockslimes
  6 draconian monks
  18 storm dragons
  A demonspawn warmonger (Zot:4)
  5 nagarajas
  7 azure jellies
  9 draconian scorchers
  4 deep elf sorcerers
  2 ghost moths
  5 frost giants
  3 draconian knights
  9 fire giants
  14 vault wardens
  4 draconian stormcallers
  4 draconian shifters
  2 ghouls (Swamp:4)
  6 deep elf elementalists (Elf:3)
  14 ironbound preservers
  4 orc warlords
  8 ironbound thunderhulks
  A reaper (Zot:4)
  5 stone giants
  10 very ugly things
  2 war gargoyles
  13 quicksilver oozes
  A spriggan defender (Depths:4)
  2 draconian annihilators (Zot:3)
  6 eleionomae
  12 deep elf demonologists
  A minotaur (Gauntlet)
  5 green draconians
  5 black draconians
  4 purple draconians
  3 vampire knights
  5 deep elf annihilators
  3 white draconians
  9 red draconians
  A lorocyproca (Depths:1)
  8 bunyips
  11 dire elephants
  5 yellow draconians
  3 spark wasps
  Snorg (Lair:4)
  10 ettins
  A green death (Zot:5)
  2 shambling mangroves
  9 deep elf death magi
  4 fire dragons
  6 yaktaur captains
  10 great orbs of eyes
  A crystal guardian (Vaults:1)
  6 deep elf high priests
  Josephine (D:12)
  4 entropy weavers
  2 hell beasts (Depths:4)
  7 vault guards
  5 ice dragons
  9 anacondas
  4 spriggan air magi
  14 hydras
  4 peacekeepers
  2 ogre magi
  2 catoblepae (Lair:5)
  21 centaur warriors
  6 boulder beetles
  10 ironbound frosthearts
  Erica (D:11)
  8 two-headed ogres
  11 alligators
  19 naga warriors
  A deep troll earth mage (Depths:4)
  3 deep troll shamans
  3 thrashing horrors (Lair:5)
  17 naga sharpshooters
  2 tengu warriors
  13 dancing weapons
  A vampire mage (Vaults:3)
  Urug (Lair:2)
  9 shock serpents
  4 orc high priests
  8 spriggan berserkers
  7 deep elf knights
  8 hell knights (Depths:4)
  Sonja (D:13)
  A soul eater (Depths:2)
  A skyshark (Lair:5)
  Nergalle (D:11)
  3 salamander mystics
  A sixfirhy (Gauntlet)
  A death drake (Swamp:4)
  5 iron trolls
  7 skeletal warriors
  A quicksilver dragon simulacrum (Depths:4)
  Lodul (D:10)
  6 spriggan druids
  A glowing orange brain (Depths:1)
  47 deep trolls
  2 goliath frogs
  A flayed ghost (Swamp:4)
  20 deep elf archers
  A swamp dragon (shapeshifter) (Vaults:4)
  A spectral hydra (Swamp:4)
  8 swamp dragons
  23 ironbound convokers
  12 lindwurms
  8 naga ritualists
  9 wizards
  7 phantasmal warriors
  2 bog bodies
  5 necromancers
  21 deep elf pyromancers
  10 orc knights
  12 mana vipers
  16 deep elf zephyrmancers
  4 harpies (Vaults:2)
  A shining eye (shapeshifter) (Elf:3)
  3 shining eyes
  43 ugly things
  4 oklob plants
  A manticore (D:13)
  2 will-o-the-wisps
  A fire giant zombie (Depths:1)
  20 salamanders
  8 orc sorcerers
  3 cyclopes
  7 elephants
  12 moths of wrath
  27 naga magi
  A guardian serpent (shapeshifter) (Vaults:2)
  An ice statue (Gauntlet)
  36 black mambas
  5 eyes of devastation
  14 vault sentinels
  A gargoyle (D:9)
  4 smoke demons (Lair:5)
  17 guardian serpents
  8 cane toads
  A cane toad (shapeshifter) (Elf:1)
  A rime drake (shapeshifter) (D:13)
  An ice devil (Depths:3)
  3 rime drakes
  2 kobold demonologists
  2 efreet
  12 komodo dragons
  23 yaktaurs
  4 tengu conjurers
  A freezing wraith (D:14)
  7 trolls
  5 hydra zombies (Swamp:4)
  5 tyrant leeches
  2 ancient zymes (Lair:5)
  Prince Ribbit (D:7)
  2 bloated husks
  2 polar bears
  A death drake zombie (Swamp:4)
  2 hydra skeletons (Swamp:4)
  14 hornets
  A raiju (Swamp:2)
  39 blink frogs
  4 air elementals
  3 water elementals
  17 spriggans
  80 yaks
  A culicivora (Vaults:4)
  68 slime creatures
  2 vampires
  A ynoxinul (Lair:5)
  Eustachio (D:6)
  11 small abominations (Lair:5)
  7 wraiths
  4 basilisks
  A basilisk (shapeshifter) (Vaults:3)
  A golden eye (shapeshifter) (Lair:5)
  5 hogs (Swamp:4)
  2 steam dragons
  16 vampire mosquitoes
  8 golden eyes
  18 swamp worms
  3 wargs (Orc:2)
  A redback (Vaults:1)
  77 nagas
  3 acid dragons
  15 water moccasins
  5 hydra simulacra (Swamp:4)
  2 large abominations (Lair:5)
  24 orc warriors
  A sky beast (D:8)
  2 black bears
  A spriggan simulacrum (Depths:1)
  5 swamp drakes (Swamp:4)
  2 ice beasts
  A swamp dragon zombie (Swamp:4)
  12 ogres
  3 wolves (Lair:1)
  3 centaurs
  A phantom (D:5)
  A swamp dragon skeleton (Swamp:4)
  3 kobold brigands
  13 bullfrogs
  4 earth elementals
  3 necrophages
  A scorpion (shapeshifter) (Vaults:2)
  4 scorpions
  A glowing shapeshifter simulacrum (Depths:1)
  4 wights
  32 killer bees
  8 electric eels
  5 howler monkeys
  3 lava snakes (D:11)
  3 hounds
  3 jellies
  12 orc priests
  Terence (D:2)
  4 iguanas
  20 orc wizards
  10 gnolls
  12 adders
  9 ufetubi
  3 dart slugs
  69 orcs
  6 ball pythons (D:1)
  5 bats
  5 endoplasms
  3 giant cockroaches
  7 goblins
  10 hobgoblins
  5 quokkas
  3 frilled lizards (D:2)
  19 kobolds
  A kobold skeleton (D:4)
  6 rats
  A briar patch (Swamp:4)
1937 creatures vanquished.

Vanquished Creatures (others)
  A draconian knight (Zot:3)
  Erolcha (D:13)
  A naga warrior (Snake:3)
  A deep elf knight (Elf:3)
  2 deep elf pyromancers
  2 deep elf zephyrmancers
  2 orc wizards
  An orc (Orc:1)
  7 foxfires
  29 fungi
  59 plants
106 creatures vanquished.

Grand Total: 2043 creatures vanquished

Notes
Turn   | Place    | Note
-------+----------+-------------------------------------------
     0 | D:1      | freelancePsychic the Ghoul Wanderer began the quest for the
                  | Orb.
     0 | D:1      | freelancePsychic set off with the following items: a +0
                  | club, a potion of curing {@q1}, a scroll of fog, a +0
                  | leather armour, a +0 buckler of protection; and the
                  | following spells available to memorise: Poisonous Vapours,
                  | Cigotuvi's Dreadful Rot.
     0 | D:1      | Reached XP level 1. HP: 22/22 MP: 2/2
   119 | D:1      | Reached skill level 1 in Stealth
   165 | D:1      | Reached XP level 2. HP: 27/28 MP: 3/3
   615 | D:1      | Reached XP level 3. HP: 35/35 MP: 4/4
   855 | D:1      | Reached skill level 5 in Fighting
  1166 | D:2      | Reached XP level 4. HP: 42/42 MP: 5/5
  1172 | D:2      | Noticed Terence
  1912 | D:3      | Found a radiant altar of Vehumet.
  2193 | D:3      | Identified the +8 short sword of Wyrd {heavy, rF+ rC+ rCorr
                  | Int+3}
  2208 | D:3      | Reached XP level 5. HP: 50/50 MP: 6/6
  2229 | D:3      | Noticed Grinder
  2235 | D:3      | Paralysed by Grinder for 4 turns
  2373 | D:2      | Killed Terence
  2398 | D:2      | Reached skill level 1 in Short Blades
  2731 | D:4      | Noticed an ogre
  2741 | D:4      | Killed an ogre
  2742 | D:4      | Reached XP level 6. HP: 10/57 MP: 7/7
  2842 | D:4      | Found an ancient bone altar of Kikubaaqudgha.
  3004 | D:4      | Found an iron altar of Okawaru.
  3013 | D:4      | Became a worshipper of Warmaster Okawaru
  3472 | D:4      | Found a runed translucent door.
  3472 | D:4      | Noticed a human
  3502 | D:4      | Found a basalt altar of Yredelemnul.
  3600 | D:5      | Entered Level 5 of the Dungeon
  3616 | D:5      | Noticed an ice beast
  3629 | D:5      | Killed an ice beast
  3630 | D:5      | Reached skill level 1 in Invocations
  3630 | D:5      | Reached XP level 7. HP: 55/63 MP: 8/8
  3723 | D:5      | Noticed a yak
  3724 | D:5      | Noticed a yak
  3790 | D:5      | Noticed a yak
  3807 | D:5      | Killed a yak
  3807 | D:5      | Reached * piety under Okawaru
  3808 | D:5      | Reached skill level 5 in Stealth
  3836 | D:5      | Noticed a yak
  3836 | D:5      | Noticed a yak
  3869 | D:5      | Killed a yak
  3881 | D:5      | Killed a yak
  3882 | D:5      | Reached XP level 8. HP: 29/71 MP: 7/9
  3894 | D:5      | Killed a yak
  3900 | D:5      | Killed a yak
  3901 | D:5      | Reached skill level 5 in Short Blades
  4126 | D:5      | Reached skill level 1 in Armour
  4509 | D:5      | Found a staircase to the Ecumenical Temple.
  4591 | D:5      | Reached ** piety under Okawaru
  4721 | D:6      | Reached XP level 9. HP: 70/81 MP: 11/11
  4758 | D:6      | Reached skill level 5 in Invocations
  4803 | D:6      | Noticed Eustachio
  4817 | D:6      | Killed Eustachio
  5507 | D:7      | Reached *** piety under Okawaru
  5603 | D:7      | Found a transporter.
  5654 | D:7      | Noticed relicbr's ghost (novice SpDe)
  5657 | D:7      | Noticed a centaur warrior
  5679 | D:7      | Found a transporter.
  5685 | D:7      | Noticed Prince Ribbit
  5711 | D:7      | Killed Prince Ribbit
  6099 | D:8      | Found an opulent altar of Gozag.
  6099 | D:8      | Found a shadowy altar of Dithmenos.
  6099 | D:8      | Noticed a two-headed ogre
  6113 | D:8      | Killed a two-headed ogre
  6114 | D:8      | Reached skill level 10 in Fighting
  6114 | D:8      | Reached skill level 5 in Armour
  6114 | D:8      | Reached XP level 10. HP: 73/93 MP: 10/13
  6559 | D:8      | Found a staircase to the Lair.
  6639 | D:8      | Reached skill level 1 in Throwing
  6640 | D:8      | Identified the +2 helmet of the Elven Halls {rCorr Str-4
                  | Slay+2}
  6776 | D:8      | Reached **** piety under Okawaru
  6926 | D:9      | Identified the +0 war axe of Eternal Night {heavy, Int+5}
  7100 | D:9      | Reached XP level 11. HP: 94/103 MP: 14/14
  7218 | D:9      | Reached ***** piety under Okawaru
  7443 | D:9      | Found a staircase to the Orcish Mines.
  7883 | D:10     | Entered Level 10 of the Dungeon
  7884 | D:10     | Noticed Lodul
  7897 | D:10     | Killed Lodul
  8009 | D:10     | Got the Codex of the Hurtful Blaze
  8038 | D:10     | Found a sacrificial altar of Ru.
  8068 | D:10     | Noticed a two-headed ogre
  8078 | D:10     | Killed a two-headed ogre
  8079 | D:10     | Reached skill level 5 in Throwing
  8321 | D:10     | Noticed a two-headed ogre
  8335 | D:10     | Killed a two-headed ogre
  8335 | D:10     | Received a gift from Okawaru
  8423 | D:10     | You fall into a shaft and drop 3 floors!
  8435 | D:13     | Noticed Sonja
  8449 | D:13     | Noticed a boulder beetle
  8462 | D:13     | Killed a boulder beetle
  8462 | D:13     | Received a gift from Okawaru
  8550 | D:13     | Killed Sonja
  8632 | D:13     | Noticed Josephine
  8652 | D:12     | Killed Josephine
  8653 | D:12     | Reached skill level 1 in Dodging
  8675 | D:13     | Reached XP level 12. HP: 62/115 MP: 15/15
  8679 | D:13     | Received a gift from Okawaru
  8721 | D:13     | Noticed dialectric's ghost (novice SpBr)
  8723 | D:13     | Found a runed translucent door.
  8773 | D:13     | Noticed a two-headed ogre
  8783 | D:13     | Killed a two-headed ogre
  9313 | D:11     | Received a gift from Okawaru
  9638 | D:11     | Noticed Erica
  9656 | D:11     | Killed Erica
  9702 | D:11     | Noticed a two-headed ogre
  9724 | D:11     | Killed a two-headed ogre
  9930 | D:11     | Noticed a two-headed ogre
  9937 | D:11     | Killed a two-headed ogre
  9984 | D:11     | Noticed Nergalle
 10122 | D:10     | Identified the +4 helmet of Xerae {Harm rF- Regen+ Stlth+}
                  | (Okawaru gifted it to you on level 10 of the Dungeon)
 10122 | D:10     | Received a gift from Okawaru
 10123 | D:10     | Reached skill level 5 in Dodging
 10682 | Lair:1   | Entered Level 1 of the Lair of Beasts
 10866 | Lair:1   | Reached XP level 13. HP: 125/125 MP: 13/18
 10910 | Lair:1   | Reached skill level 15 in Fighting
 11931 | Lair:2   | Noticed Urug
 11950 | Lair:2   | Killed Urug
 12163 | Lair:2   | Received a gift from Okawaru
 12531 | Lair:2   | Found a staircase to the Swamp.
 12797 | Lair:2   | Identified the +0 dire flail of Typuos {vamp, Drain rElec
                  | rC- Dex+8} (Okawaru gifted it to you on level 2 of the Lair
                  | of Beasts)
 12797 | Lair:2   | Received a gift from Okawaru
 12911 | Lair:2   | Identified the +1 long sword of Giesh {elec, +Blink Str+5
                  | Stlth+}
 13370 | Lair:3   | Identified a scroll of acquirement
 13370 | Lair:3   | Acquired a +0 pair of gloves of hurling
 13874 | Lair:3   | Reached skill level 10 in Armour
 13945 | Lair:3   | Found a staircase to the Snake Pit.
 14370 | Lair:3   | Upgraded the game from 0.30-a0-830-gfe289a77b0 to
                  | 0.30-a0-840-ga523dec638
 14656 | Lair:4   | Noticed Snorg
 14675 | Lair:4   | Killed Snorg
 14750 | Lair:4   | Found a gate leading to a gauntlet.
 14759 | Gauntlet | Entered a Gauntlet
 14759 | Gauntlet | Noticed a great orb of eyes
 14759 | Gauntlet | Found a large runed translucent door.
 14759 | Gauntlet | Found a large runed translucent door.
 14759 | Gauntlet | Found a large runed translucent door.
 14759 | Gauntlet | Found a large runed translucent door.
 14759 | Gauntlet | Found a large runed translucent door.
 14759 | Gauntlet | Found a large runed translucent door.
 14759 | Gauntlet | Found a large runed translucent door.
 14759 | Gauntlet | Found a large runed translucent door.
 14759 | Gauntlet | Found a runed translucent door.
 14759 | Gauntlet | Found a runed translucent gate.
 14759 | Gauntlet | Found a transporter.
 14759 | Gauntlet | Found a transporter.
 14759 | Gauntlet | Found a runed translucent gate.
 14759 | Gauntlet | Found a transporter.
 14763 | Gauntlet | Found a transporter.
 14764 | Gauntlet | Found a runed translucent gate.
 14764 | Gauntlet | Found a runed translucent door.
 14768 | Gauntlet | Found a large runed translucent door.
 14768 | Gauntlet | Found a large runed translucent door.
 14773 | Gauntlet | Found a transporter.
 14805 | Gauntlet | Found a large runed translucent door.
 14805 | Gauntlet | Found a large runed translucent door.
 14808 | Gauntlet | Found a large runed translucent door.
 14808 | Gauntlet | Found a large runed translucent door.
 14809 | Gauntlet | Found a large runed translucent door.
 14810 | Gauntlet | Found a large runed translucent door.
 14839 | Gauntlet | Found a transporter.
 14849 | Gauntlet | Found a transporter.
 14864 | Gauntlet | Found a transporter.
 14874 | Gauntlet | Found a transporter.
 14889 | Gauntlet | Found a transporter.
 14895 | Gauntlet | Found a transporter.
 14916 | Gauntlet | Found a transporter.
 14980 | Gauntlet | Identified the +0 cloak of Okawaru's Scorn {Drain Will+
                  | Stlth+} (Okawaru gifted it to you in a Gauntlet)
 14980 | Gauntlet | Received a gift from Okawaru
 14981 | Gauntlet | Reached XP level 14. HP: 62/137 MP: 16/19
 15049 | Gauntlet | Identified the +1 helmet of Weightlessness {Will+ Int+2
                  | Dex+4 Stlth+}
 15282 | Gauntlet | Identified the amulet "Cuavviuk" {rC+ Will+ Regen+ SInv}
 15351 | Gauntlet | Identified the +0 leather armour "Hony" {Int+3}
 15748 | Lair:4   | Identified the +1 robe "Oghem" {rC- Int+6 Dex+9}
 15865 | Lair:4   | Found a staircase to the Slime Pits.
 16259 | Lair:5   | Entered Level 5 of the Lair of Beasts
 17529 | Lair:5   | Identified the +0 ring mail "Gihi Cish" {Harm rF+ rC+
                  | Dex+3} (Okawaru gifted it to you on level 5 of the Lair of
                  | Beasts)
 17529 | Lair:5   | Received a gift from Okawaru
 18010 | Lair:5   | Reached skill level 10 in Throwing
 18120 | Lair:5   | Found a corrupted altar of Lugonu.
 18123 | Lair:5   | Found a one-way gate to the infinite horrors of the Abyss.
 18350 | Lair:5   | Got the Papyrus of the Serac and Soot
 18676 | D:11     | Reached XP level 15. HP: 135/147 MP: 20/20
 19250 | D:11     | Killed Nergalle
 19572 | Orc:1    | Entered Level 1 of the Orcish Mines
 19670 | Orc:2    | Entered Level 2 of the Orcish Mines
 19717 | Orc:1    | Reached skill level 1 in Axes
 19999 | Orc:2    | Noticed Saint Roka
 20024 | Orc:2    | Killed Saint Roka
 20184 | Orc:2    | Found Zidafisiu's Antique Armour Emporium.
 20351 | Orc:2    | Found Vianat's General Store.
 20372 | Orc:2    | Found a staircase to the Elven Halls.
 20708 | Orc:2    | Noticed an orc warlord
 20743 | Orc:2    | Received a gift from Okawaru
 20746 | Orc:2    | Killed an orc warlord
 20747 | Orc:2    | Reached skill level 1 in Maces & Flails
 20913 | Orc:2    | Found Quanimot's Antique Weapon Emporium.
 20941 | Orc:2    | Found Ylupt's Book Emporium.
 21014 | Orc:2    | Bought the +3 Elemental Staff {rElec rF++ rC++ AC+5} for
                  | 1989 gold pieces
 21014 | Orc:2    | Found the +3 Elemental Staff {rElec rF++ rC++ AC+5}
 21360 | D:12     | Reached skill level 1 in Staves
 21692 | D:12     | Reached skill level 1 in Evocations
 22420 | D:13     | Identified the -2 cloak of Aqarhain {+Inv rF++ rN+ Str-3}
 22772 | D:13     | Noticed Erolcha
 22795 | D:13     | Killed Erolcha
 23123 | D:13     | Found a gate to the Vaults.
 24310 | D:14     | Noticed Louise
 24350 | D:14     | Found Ufargh's Armour Emporium.
 24375 | D:14     | Received a gift from Okawaru
 24669 | D:15     | Entered Level 15 of the Dungeon
 24917 | D:15     | Received a gift from Okawaru
 24918 | D:15     | Reached skill level 5 in Staves
 24922 | D:15     | Reached skill level 5 in Evocations
 24945 | D:15     | Reached XP level 16. HP: 125/157 MP: 21/21
 24947 | D:15     | Received a gift from Okawaru
 25214 | D:15     | Found a staircase to the Depths.
 25350 | D:15     | Found an ornate altar of the Wu Jian Council.
 25496 | D:15     | Received a gift from Okawaru
 25803 | Snake:1  | Entered Level 1 of the Snake Pit
 26429 | Snake:1  | Received a gift from Okawaru
 27703 | Snake:2  | Received a gift from Okawaru
 27703 | Snake:2  | Found the +3 pair of mountain boots {steadfast, rC+}
 27824 | Snake:2  | Noticed a nagaraja
 27827 | Snake:2  | Noticed Agnes
 27840 | Snake:2  | Killed Agnes
 27843 | Snake:2  | Reached ****** piety under Okawaru
 27852 | Snake:2  | Killed a nagaraja
 27853 | Snake:2  | Reached XP level 17. HP: 163/163 MP: 22/22
 28365 | Snake:2  | Reached skill level 10 in Staves
 28399 | Snake:2  | Reached skill level 10 in Evocations
 28733 | Snake:3  | Found Sauc's Firing Range.
 28737 | Snake:3  | Bought 4 boomerangs for 104 gold pieces
 28861 | Snake:3  | Noticed Roxanne
 28910 | Snake:3  | Received a gift from Okawaru
 29314 | Snake:3  | Received a gift from Okawaru
 29420 | Snake:3  | Noticed Donald
 29421 | Snake:3  | Identified the +3 buckler "Xiwunluf" {Harm rF+ Int-4}
 29433 | Snake:3  | Killed Donald
 30296 | Snake:4  | Entered Level 4 of the Snake Pit
 30694 | Snake:4  | Received a gift from Okawaru
 31235 | Swamp:1  | Entered Level 1 of the Swamp
 31275 | Swamp:1  | Received a gift from Okawaru
 31323 | Swamp:1  | Noticed Jorgrun
 31341 | Swamp:1  | Killed Jorgrun
 31422 | Swamp:1  | Received a gift from Okawaru
 31461 | Swamp:1  | Reached XP level 18. HP: 163/172 MP: 23/23
 32509 | Swamp:2  | Reached skill level 5 in Shields
 33032 | Swamp:3  | Received a gift from Okawaru
 33143 | Swamp:4  | Entered Level 4 of the Swamp
 34378 | Swamp:4  | Received a gift from Okawaru
 34443 | Swamp:4  | Received a gift from Okawaru
 34580 | Swamp:4  | Reached XP level 19. HP: 71/179 MP: 22/24
 34695 | Swamp:4  | Found a basalt altar of Yredelemnul.
 34708 | Swamp:4  | Got a decaying rune of Zot
 34731 | Swamp:4  | Found a blossoming altar of Fedhas.
 34749 | Swamp:4  | Received a gift from Okawaru
 34851 | Swamp:4  | Noticed Kirke
 34852 | Swamp:4  | Noticed Mara
 35150 | Snake:4  | Identified the +2 pair of gloves of the King of the Hill
                  | {rElec Regen+ Int+3 Stlth-} (Okawaru gifted it to you on
                  | level 4 of the Snake Pit)
 35150 | Snake:4  | Received a gift from Okawaru
 35273 | Snake:4  | Got a serpentine rune of Zot
 35483 | Slime:1  | Entered Level 1 of the Pits of Slime
 35806 | Slime:3  | Noticed Dissolution
 35823 | Slime:2  | Killed Dissolution
 36143 | Slime:5  | Entered Level 5 of the Pits of Slime
 36348 | Slime:4  | Reached skill level 10 in Invocations
 36430 | Slime:4  | Reached skill level 15 in Throwing
 36500 | Slime:4  | Received a gift from Okawaru
 37139 | Slime:5  | Received a gift from Okawaru
 37241 | Slime:5  | Identified the +7 war axe of Siemoet {heavy, rElec rF+
                  | Int+3 Stlth+} (Okawaru gifted it to you on level 5 of the
                  | Pits of Slime)
 37241 | Slime:5  | Received a gift from Okawaru
 37352 | Slime:5  | Reached XP level 20. HP: 178/187 MP: 27/27
 37552 | Slime:5  | Noticed the Royal Jelly
 37564 | Slime:5  | Killed the Royal Jelly
 37663 | Slime:5  | Received a gift from Okawaru
 37722 | Slime:5  | Got a slimy rune of Zot
 37726 | Slime:5  | Found the +27 heavy crossbow "Sniper" {heavy, Acc+∞ SInv}
 37748 | Slime:5  | Identified the +9 falchion of Gloom {freeze, Dex+2 SInv}
 37787 | Slime:5  | Identified the +3 robe of Zecoof {rF+}
 38272 | Elf:1    | Entered Level 1 of the Elven Halls
 38545 | Elf:1    | Found the amulet of the Four Winds {rN+ Will+++ Clar}
 38557 | Elf:1    | Reached skill level 10 in Shields
 38647 | Elf:1    | Identified the +5 hand axe of Anguish {elec, rC+} (Okawaru
                  | gifted it to you on level 1 of the Elven Halls)
 38647 | Elf:1    | Received a gift from Okawaru
 38696 | Elf:1    | Identified the +0 cloak "Ranwunum" {rPois Int+5}
 39778 | Elf:2    | Found a runed translucent gate.
 39778 | Elf:2    | Found a runed translucent gate.
 39779 | Elf:2    | Found a runed translucent gate.
 39865 | Elf:2    | Paralysed by an air elemental for 1 turns
 39878 | Elf:2    | Paralysed by an air elemental for 1 turns
 40371 | Elf:3    | Entered Level 3 of the Elven Halls
 40404 | Elf:3    | Received a gift from Okawaru
 40404 | Elf:3    | Found the +0 pair of fencer's gloves {Riposte Dex+3}
 40503 | Elf:3    | Noticed a Brimstone Fiend
 40516 | Elf:3    | Found Qeru's General Store.
 40811 | Elf:3    | Bought a potion of haste for 180 gold pieces
 40837 | Elf:3    | Found a portal to a secret trove of treasure.
 40873 | Elf:3    | Found Hurrodd's Armour Emporium.
 40931 | Elf:3    | Paralysed by an air elemental for 1 turns
 40933 | Elf:3    | Paralysed by an air elemental for 1 turns
 40940 | Elf:3    | Paralysed by an air elemental for 1 turns
 40946 | Elf:3    | Paralysed by an air elemental for 1 turns
 41048 | Elf:3    | Identified the +7 battleaxe of the Vulture {freeze, Int+4}
 41051 | Elf:3    | Got the Vellum of Misty Bringing Forth
 41167 | Elf:3    | Found a radiant altar of Vehumet.
 41202 | Elf:3    | Found Dounnooq's Distillery.
 41210 | Elf:3    | Bought a potion of haste for 170 gold pieces
 41210 | Elf:3    | Bought a potion of resistance for 170 gold pieces
 41377 | Elf:3    | Found Oces's Book Shoppe.
 41377 | Elf:3    | Found Qoqodu's Jewellery Shop.
 41378 | Elf:3    | Found Lemyn's Book Shoppe.
 41654 | Elf:3    | Reached XP level 21. HP: 157/195 MP: 26/28
 42455 | Elf:3    | Identified the +1 hand axe of the Old World {pain, rPois
                  | Str+3 Dex+2 Stlth+}
 42548 | Elf:3    | Found the ring of the Octopus King
 42554 | Elf:3    | Identified the +4 chain mail "Nek Satt" {rN+ Str+5}
 42555 | Elf:3    | Identified a ring of the Octopus King {rCorr HP+2 AC+2 EV+2
                  | SH+2}
 42563 | Elf:3    | Got the Secrets of the Molten Excursion
 42565 | Elf:3    | Identified the +0 chain mail of the Monk {rN+}
 42657 | Elf:3    | Got the Book of Congelation
 42659 | Elf:3    | Identified the +3 chain mail "Lerameips" {rElec}
 42709 | Elf:3    | Identified the +0 leather armour of Vexation {Slay+3}
 42773 | Elf:3    | Got Hassugi's Opusculum on the Dose and Modification
 43119 | Vaults:1 | Entered Level 1 of the Vaults
 43220 | Vaults:1 | Received a gift from Okawaru
 43614 | Vaults:1 | Identified the +8 mace "Hydraslayer" {freeze, rF+} (Okawaru
                  | gifted it to you on level 1 of the Vaults)
 43614 | Vaults:1 | Received a gift from Okawaru
 45045 | Vaults:2 | Received a gift from Okawaru
 45065 | Vaults:2 | Received a gift from Okawaru
 45337 | Vaults:2 | Reached XP level 22. HP: 203/204 MP: 29/29
 45383 | Vaults:2 | Received a gift from Okawaru
 46305 | Vaults:2 | Received a gift from Okawaru
 46335 | Vaults:2 | Reached skill level 15 in Shields
 46587 | Vaults:2 | Received a gift from Okawaru
 47056 | Snake:3  | Bought 2 silver javelins for 234 gold pieces
 47056 | Snake:3  | Bought 5 silver javelins for 585 gold pieces
 48110 | Vaults:3 | Got the Catalogue of Malisons and the Tincture
 48132 | Vaults:3 | Received a gift from Okawaru
 48496 | Vaults:3 | Identified the amulet of Vuup {Reflect Dex+7 SH+5}
 49493 | Vaults:3 | Found a staircase to the Crypt.
 49714 | Vaults:3 | Identified the +10 short sword "Lazom" {protect, *Noise rN+
                  | Dex+4} (Okawaru gifted it to you on level 3 of the Vaults)
 49714 | Vaults:3 | Received a gift from Okawaru
 50009 | Vaults:4 | Noticed Jory
 50023 | Vaults:4 | Killed Jory
 50125 | Vaults:4 | Noticed Frederick
 50145 | Vaults:4 | Killed Frederick
 50393 | Vaults:4 | Reached XP level 23. HP: 211/211 MP: 30/30
 50684 | Vaults:4 | Noticed Boris
 50731 | Vaults:4 | Killed Boris
 50836 | Vaults:4 | Received a gift from Okawaru
 51032 | Vaults:4 | Reached skill level 15 in Evocations
 51039 | Vaults:4 | Acquired 947 gold pieces
 51529 | Vaults:4 | Received a gift from Okawaru
 51839 | Depths:1 | Entered Level 1 of the Depths
 51889 | Depths:1 | Noticed Boris
 51922 | Depths:1 | Killed Boris
 52705 | Depths:1 | Identified the +1 hat "Faniagidyt" {*Slow rElec rN+ Int+3}
                  | (Okawaru gifted it to you on level 1 of the Depths)
 52705 | Depths:1 | Received a gift from Okawaru
 53038 | Depths:1 | Found a gateway to Hell.
 53408 | Depths:2 | Noticed a juggernaut
 53424 | Depths:2 | Killed a juggernaut
 53812 | Depths:4 | Entered Level 4 of the Depths
 54248 | Depths:4 | Reached XP level 24. HP: 154/218 MP: 30/30
 54478 | Depths:4 | Found a one-way gateway to a ziggurat.
 54838 | Depths:4 | Noticed a juggernaut
 54851 | Depths:4 | Killed a juggernaut
 54851 | Depths:4 | Received a gift from Okawaru
 55043 | Depths:4 | Found a runed translucent door.
 55212 | Depths:4 | Identified the +5 short sword "Kev Arua" {freeze, Drain
                  | +Blink Dex+3 SInv} (Okawaru gifted it to you on level 4 of
                  | the Depths)
 55212 | Depths:4 | Received a gift from Okawaru
 55475 | Depths:4 | Found a gate to the Realm of Zot.
 55694 | Zot:1    | Entered Level 1 of the Realm of Zot
 56175 | Zot:1    | Noticed an orb of fire
 56535 | Zot:1    | Killed an orb of fire
 56949 | Zot:1    | Received a gift from Okawaru
 57792 | Zot:2    | Noticed Parghit
 57810 | Zot:2    | Killed Parghit
 58592 | Zot:3    | Found the +4 dragonskin cloak
 58592 | Zot:3    | Noticed Tiamat
 58618 | Zot:3    | Killed Tiamat
 58632 | Zot:3    | Reached XP level 25. HP: 125/231 MP: 24/30
 58840 | Zot:3    | Received a gift from Okawaru
 60066 | Zot:4    | Reached skill level 10 in Dodging
 60206 | Zot:5    | Entered Level 5 of the Realm of Zot
 60230 | Zot:5    | Received a gift from Okawaru
 61420 | Zot:5    | Received a gift from Okawaru
 61576 | Zot:5    | Noticed a Killer Klown
 61824 | Zot:5    | Noticed an ancient lich
 61841 | Zot:5    | Killed an ancient lich
 61859 | Zot:5    | Noticed an orb of fire
 61875 | Zot:5    | Noticed an orb of fire
 61878 | Zot:5    | Killed an orb of fire
 61879 | Zot:5    | Received a gift from Okawaru
 61887 | Zot:5    | Noticed a dread lich
 61890 | Zot:5    | Killed an orb of fire
 61899 | Zot:5    | Killed a dread lich
 62098 | Zot:5    | Noticed a dread lich
 62101 | Zot:5    | Noticed an orb of fire
 62102 | Zot:5    | Noticed a Killer Klown
 62106 | Zot:5    | Noticed an orb of fire
 62108 | Zot:5    | Killed an orb of fire
 62117 | Zot:5    | Killed an orb of fire
 62120 | Zot:5    | Killed a Killer Klown
 62123 | Zot:5    | Killed a dread lich
 62264 | Zot:5    | Killed a Killer Klown
 62513 | Zot:5    | Noticed an orb of fire
 62513 | Zot:5    | Noticed an orb of fire
 62516 | Zot:5    | Killed an orb of fire
 62516 | Zot:5    | Noticed an orb of fire
 62517 | Zot:5    | Reached XP level 26. HP: 239/239 MP: 24/30
 62522 | Zot:5    | Killed an orb of fire
 62522 | Zot:5    | Noticed an orb of fire
 62525 | Zot:5    | Noticed a Killer Klown
 62529 | Zot:5    | Killed an orb of fire
 62534 | Zot:5    | Killed an orb of fire
 62535 | Zot:5    | Noticed an orb of fire
 62540 | Zot:5    | Killed a Killer Klown
 62540 | Zot:5    | Identified the +3 ring mail of the Fife {Str+4} (Okawaru
                  | gifted it to you on level 5 of the Realm of Zot)
 62540 | Zot:5    | Received a gift from Okawaru
 62543 | Zot:5    | Killed an orb of fire
 62987 | Zot:5    | Got the Orb of Zot
 63753 | D:$      | Escaped with the Orb!

Illustrated notes

Levels and vault maps discovered:
D:1:      dpeg_arrival_fog, layout_basic, due_unseen_surprise
D:2:      layout_basic, minmay_box_of_dots, uniq_terence
D:3:      layout_loops_corners, mainiacjoe_overflow_surrounded_room,
          uniq_grinder
D:4:      minmay_angry_zag, layout_gridville, okawaru_metal_pillars_1_2,
          nicolae_kikubaaqudgha_miasma_corner, dk_yredelemnul_ordeal,
          solitary_fountain
D:5:      layout_basic, minmay_temple_entry_offerings
D:6:      layout_loops_ring, serial_rivers, chequers_serial_rivers_large_a,
          chequers_serial_rivers_room_b, chequers_serial_rivers_small_a,
          chequers_serial_rivers_micro_a, uniq_eustachio
D:7:      layout_rooms, gammafunk_ghost_arena, uniq_prince_ribbit1
D:8:      layout_cave_pools, jmf_multi_god_temple, lair_entry_dummy
D:9:      layout_basic, minmay_misc_feat_secret_circle
D:10:     layout_loops_corners, tso_altar, general_overflow_altar, serial_glass,
          glass_columns_c, glass_columns_a, glass_columns_b, glass_columns_b,
          minmay_door_square, chequers_serial_rivers_small_3, uniq_lodul
D:11:     layout_basic, disabler_island, uniq_erica, uniq_nergalle
D:12:     layout_basic, chequers_serial_rivers_small_3, minmay_between
D:13:     layout_cave_pods, david_vaults_4, hellmonk_ghost_happy_afterlife,
          uniq_sonja, uniq_josephine, uniq_erolcha
D:14:     layout_irregular_city, serial_shops, nicolae_shop_trees, uniq_louise
D:15:     grunt_enter_depths_giant_problem, layout_irregular_city,
          dreamdust_wishing_well, nzn_wu_jian_contemplation
Lair:1:   layout_loops_ring, serial_bayou_pond_c, infiniplex_staircase_pool_2,
          lemuel_fruit_fields
Lair:2:   wad_woods_minihive, layout_cave_pods, minmay_swamp_entry_eels,
          uniq_urug
Lair:3:   layout_chaotic_city, minmay_snake_entry_guardpost_medium,
          serial_bayou_shore_b
Lair:4:   layout_gridlike, minmay_slime_entry_pillars, gauntlet_entry_generic,
          infiniplex_staircase_pool, uniq_snorg
Lair:5:   hellmonk_lair_end_abyssal_woods, layout_cellular_growth,
          lemuel_fruit_tree
Swamp:1:  layout_basic_swamp, nicolae_swamp_tree_designs, uniq_jorgrun
Swamp:2:  nicolae_swamp_wrong_neighborhood, layout_basic_swamp,
          serial_swamp_ruin, evilmike_swamp_ruin_rubble_2,
          evilmike_swamp_ruin_house_5, beargit_elvish_explorers
Swamp:3:  layout_falls_marsh, evilmike_swamp_ruin_house_2
Swamp:4:  byrel_swamp_growth_death_and_undeath, layout_basic_swamp, swamp_pool2,
          nicolae_swamp_bunyip_nook, uniq_kirke, uniq_mara
Snake:1:  nrook_guardian_serpent_snake_passage, layout_onion, grunt_megastairs_1
Snake:2:  layout_basic, uniq_agnes
Snake:3:  layout_chambers, grunt_ministairs_8, nicolae_shop_firing_range,
          uniq_donald, uniq_roxanne
Snake:4:  johnstein_snake_rune_scales, layout_onion, grunt_ministairs_7
Slime:1:  layout_caves
Slime:2:  layout_caves, nicolae_slime_rock_hall_of_fame
Slime:3:  layout_caves, nicolae_slime_barrier, dissolution_awaits
Slime:4:  layout_caves
Slime:5
Orc:1:    layout_diamond_mine, minmay_orc_treasury
Orc:2:    grunt_orc_cross, layout_caves, basic_altar
Elf:1:    nicolae_elf_arrival_no_cutting_in_line, layout_loops_cross,
          evilmike_minifort
Elf:2:    nicolae_elf_blades_splatter_lattice [infiniplex_blade_entry_pillars],
          layout_geoelf_diagonals
Elf:3:    minmay_elf_hall_spiked, layout_loops_cross, basic_altar, serial_shops,
          shop, shop_fountains, nicolae_shop_statue_plus, enter_trove_3,
          minivault_19, minmay_checkered_concentric_circles, minmay_shop_grove
Vaults:1: st_quartered_hall, v_misc_23, nicolae_vaults_rhombus_5,
          dpeg_vaults_monster_row, ontoclasm_vaults_spin, vaults_room_boxed,
          ontoclasm_vaults_chip, nicolae_vaults_network_barrier,
          nicolae_vaults_little_squares_5, layout_vaults_omnibox
Vaults:2: nicolae_vaults_back_hallway, v_pattern_3, vaults_room_semicircle,
          nicolae_vaults_bisected_slash, st_octagons_2, v_alt_pattern_1,
          hangedman_vaults_stagger, v_misc_31, v_misc_9, ontoclasm_vaults_chip,
          grunt_vaults_funnel, v_misc_15, layout_vaults_omnicross
Vaults:3: nicolae_vaults_mini_display_case, hangedman_vaults_cutoff, v_misc_16,
          minmay_crypt_entry_simple_plaza, st_hourglassy, v_misc_28,
          nicolae_vaults_little_squares_4, vaults_dpeg_encased_lava, v_misc_2,
          layout_vaults_omnigrid
Vaults:4: st_lattice, vaults_standard_mumra_x,
          nicolae_vaults_diagonal_hallway_9, nicolae_vaults_angled_halls,
          hangedman_vaults_capsules, nicolae_vaults_little_squares_5, v_rooms_3,
          ontoclasm_vaults_misaligned, vaults_standard_mumra_lines, v_misc_27,
          nicolae_vaults_rhombus_6, nicolae_vaults_alarming,
          layout_vaults_chaotic_city, uniq_boris, uniq_jory, uniq_frederick
Depths:1: layout_cross, nicolae_cairo_tiling, pf_hell_entry_great_geh,
          reono_crystal_passage, nrook_kobold_shadow_demons
Depths:2: minmay_stepped, layout_long_grid, hellmouth_1,
          serial_co_window_serial, co_window_corner_a, co_window_corner_a,
          co_window_corner_a, co_window_cross_1, co_window_paths_b,
          co_window_paths_b, co_window_of_opportunity_b, co_window_broadway_a,
          co_window_corner_b, co_window_2corner, co_window_of_opportunity_c,
          glass_columns_a, glass_columns_b, glass_columns_a,
          ebering_ghost_inner_flame, rand_demon_pan_entry_4, grunt_decor_cap,
          minivault_21, minmay_staircase_windowed_small
Depths:3: minmay_guarded_unrand_sceptre_of_torment, layout_cave_pools,
          abyss_entry, minmay_misc_feat_pillars, hell_entry,
          hangedman_decor_push
Depths:4: evilmike_zot_entry_hall, layout_honeycomb, enter_ziggurat_a,
          grunt_mini_vestibule, abyss_entry, lightli_giant_bouncers
Zot:1:    layout_misc_corridors, grunt_megastairs_3
Zot:2:    lemuel_draconian_sentries, layout_misc_corridors, uniq_parghit
Zot:3:    kennysheep_spiral_hall, layout_misc_corridors, grunt_ministairs_6,
          serial_nicolae_subway, nicolae_sub_station_metal,
          nicolae_sub_station_crystal, nicolae_sub_station_stone, uniq_tiamat
Zot:4:    layout_cathedral_of_symmetry, grunt_megastairs_5
Zot:5:    layout_onion

Skill      XL: |  1  2  3  4  5  6  7  8  9 10 11 12 13 14 15 16 17 18 19 20 21 22 23 24 25 |
---------------+----------------------------------------------------------------------------+-----
Stealth        | 1 2 3 4 5 6 |  6.0
Fighting       | 5 6 8 10 11 13 14 16 17 18 20 | 20.0
Short Blades   | 2 4 5 |  5.0
Invocations    | 1 3 4 6 8 11 | 11.0
Armour         | 2 5 7 9 10 11 13 14 | 14.9
Throwing       | 3 5 6 10 13 15 16 17 19 | 19.6
Dodging        | 2 6 8 9 11 | 11.9
Axes           | 4 |  4.7
Maces & Flails | 1 |  1.4
Staves         | 5 9 11 | 11.9
Evocations     | 5 9 11 12 13 14 15 | 15.0
Shields        | 3 7 9 11 14 16 18 19 20 | 20.5
Spellcasting   | |  1.7
Air Magic      | |  1.0

Action                     |  1- 3 |  4- 6 |  7- 9 | 10-12 | 13-15 | 16-18 | 19-21 | 22-24 | 25-27 || total
---------------------------+-------+-------+-------+-------+-------+-------+-------+-------+-------++-------
  Melee: Unarmed           |   174 |     6 |       |       |       |       |       |       |       ||   180
         Club              |     6 |       |       |       |       |       |       |       |       ||     6
         Dagger            |       |   118 |       |       |       |       |       |       |       ||   118
         Short sword       |       |    76 |   308 |   562 |  1634 |       |       |       |       ||  2580
         Staff             |       |       |       |       |   559 |  1722 |  1663 |  2303 |   828 ||  7075
  Throw: Dart              |       |     4 |     9 |    62 |   200 |     5 |     6 |     2 |     4 ||   292
         Javelin           |       |       |       |    15 |    50 |    48 |    73 |   107 |   125 ||   418
         Throwing net      |       |       |       |     1 |       |       |       |     2 |       ||     3
         Boomerang         |       |       |       |       |    57 |   337 |   317 |   197 |    34 ||   942
 Invoke: Heroism           |       |       |     4 |    12 |    20 |    14 |    10 |    14 |     4 ||    78
         Finesse           |       |       |       |     2 |     1 |     1 |     6 |     7 |     4 ||    21
  Evoke: Wand              |       |       |       |     5 |    13 |     2 |     5 |    14 |     7 ||    46
         Condenser vane    |       |       |       |       |     4 |     4 |     5 |    10 |     1 ||    24
         Lightning rod     |       |       |       |       |       |     1 |       |       |     4 ||     5
         Tin of tremorston |       |       |       |       |       |       |     9 |    12 |     1 ||    22
         Phial of floods   |       |       |       |       |       |       |       |       |     2 ||     2
    Use: Potion            |     1 |     1 |     3 |     1 |       |     4 |    13 |     3 |    13 ||    39
         Scroll            |     1 |     2 |     4 |     3 |    23 |    16 |     9 |     6 |     4 ||    68
   Stab: Sleeping          |     1 |     6 |     4 |     5 |     6 |    13 |     2 |     7 |     1 ||    45
         Distracted        |       |       |     1 |       |     2 |     1 |       |     1 |       ||     5
         Held in net/web   |       |       |       |     2 |       |       |       |       |       ||     2
         Petrified         |       |       |       |       |     2 |       |       |       |       ||     2
         Confused          |       |       |       |       |     7 |       |       |       |       ||     7
         Invisible         |       |       |       |       |       |       |       |       |     2 ||     2
 Armour: Leather armour    |   103 |    69 |   136 |       |       |       |       |       |       ||   308
         Steam dragon scal |       |       |     2 |   142 |   275 |       |       |       |       ||   419
         Acid dragon scale |       |       |       |       |   798 |   812 |   380 |       |       ||  1990
         Chain mail        |       |       |       |       |       |       |   193 |   585 |       ||   778
         Shadow dragon sca |       |       |       |       |       |       |       |   332 |   254 ||   586
  Dodge: Dodged            |    92 |    69 |   146 |   376 |  2500 |  1415 |   758 |   984 |   369 ||  6709
  Block: Buckler           |    39 |    23 |    52 |    87 |   629 |   361 |   105 |       |       ||  1296
         Tower shield      |       |       |       |       |       |       |  1111 |  2651 |   945 ||  4707

Table legend: (Time is in decaauts)
 A = Elapsed time spent in this place.
 B = Non-inter-level travel time spent in this place.
 C = Inter-level travel time spent in this place.
 D = Time resting spent in this place.
 E = Time spent auto-exploring this place.
 F = Levels seen in this place.
 G = Mean time per level.
                   A        B        C        D        E       F      G
               +--------+--------+--------+--------+--------+-----+--------+
         Total |  61981 |  56962 |   5019 |   3428 |  37268 |  52 | 1191.9 |
       Dungeon |  17382 |  15237 |   2145 |    467 |  11039 |  15 | 1158.8 |
          Lair |   8007 |   7109 |    898 |    341 |   4365 |   5 | 1601.4 |
         Swamp |   3529 |   3392 |    137 |    265 |   2100 |   4 |  882.2 |
     Snake Pit |   5548 |   5118 |    430 |     14 |   3481 |   4 | 1387.0 |
    Slime Pits |   2269 |   2113 |    156 |    313 |   1192 |   5 |  453.8 |
  Orcish Mines |   1668 |   1459 |    209 |     85 |    763 |   2 |  834.0 |
   Elven Halls |   4552 |   4345 |    207 |    290 |   2873 |   3 | 1517.3 |
        Vaults |   7798 |   7350 |    448 |    479 |   5148 |   4 | 1949.5 |
        Depths |   3667 |   3483 |    184 |    105 |   2265 |   4 |  916.8 |
           Zot |   6952 |   6751 |    201 |    994 |   3791 |   5 | 1390.4 |
      Gauntlet |    604 |    604 |      0 |     73 |    249 |   1 |  604.0 |
               +--------+--------+--------+--------+--------+-----+--------+

Top non-repeatable levels by time:
   Elf:3: 2218 daAuts
   Zot:4: 2195 daAuts
  Lair:5: 2165 daAuts
Vaults:1: 2110 daAuts
Vaults:3: 1974 daAuts
Depths:4: 1940 daAuts
Vaults:2: 1936 daAuts
    D:11: 1841 daAuts
   Zot:5: 1825 daAuts
    D:13: 1795 daAuts
Vaults:4: 1775 daAuts
 Snake:3: 1758 daAuts
  Lair:2: 1758 daAuts
    D:12: 1563 daAuts
 Snake:1: 1508 daAuts
